 Dungeon Crawl Stone Soup version 0.25-a0-1137-g7f6bfe439b (webtiles) character file.

Game seed: 3659244164465171651, levelgen mode: classic

641 Amnesiac the Skirmisher (level 7, -2/44 HPs)
             Began as a Deep Elf Fighter on May 23, 2020.
             Splashed by a jelly's acid (6 damage)
             ... on level 5 of the Dungeon.
             The game lasted 00:08:44 (4663 turns).

Amnesiac the Skirmisher (Deep Elf Fighter)          Turns: 4663, Time: 00:08:45

Health: -2/44      AC:  5    Str: 15    XL:     7   Next: 26%
Magic:  9/9        EV:  9    Int: 13    God:
Gold:   199        SH:  8    Dex: 14    Spells: 6/6 levels left

rFire    . . .     SeeInvis .   a - +0 dagger (venom)
rCold    . . .     Gourm    .   c - +0 kite shield
rNeg     . . .     Faith    .   j - +0 scale mail
rPois    .         Spirit   .   (no helmet)
rElec    .         Reflect  .   n - +0 cloak
rCorr    .         Harm     .   p - +0 pair of gloves
MR       .....                  i - +0 pair of boots
Stlth    ..........             (no amulet)
HPRegen  0.14/turn              (no ring)
MPRegen  0.11/turn              (no ring)

@: corroded
A: no striking features
a: no special abilities


You were on level 5 of the Dungeon.
You were not hungry.

You visited 1 branch of the dungeon, and saw 5 of its levels.

You collected 199 gold pieces.

Inventory:

Hand Weapons
 a - a +0 dagger of venom (weapon)
 b - a +0 hunting sling
 k - a +0 war axe
 v - a +2 quarterstaff of chaos
 y - a +0 short sword of speed
Missiles
 r - 112 arrows
 s - 10 sling bullets
 w - 32 stones (quivered)
Armour
 c - a +0 kite shield (worn)
 i - a +0 pair of boots (worn)
 j - a +0 scale mail (worn)
 n - a +0 cloak (worn)
 p - a +0 pair of gloves (worn)
 A - a +0 leather armour of poison resistance
Scrolls
 e - 4 scrolls of remove curse {!r, unknown}
 g - a scroll of identify {!r, unknown}
 l - 2 scrolls of magic mapping {!r, unknown}
 t - 2 scrolls of fog {!r, unknown}
 x - 2 scrolls of teleportation {!r, unknown}
Potions
 d - 2 potions of might {!q}
 h - a potion of heal wounds {!q}
 m - 2 potions of magic {!q, unknown}
 o - 2 potions of cancellation {!q, unknown}
 q - a potion of lignification {!q, unknown}
 z - a potion of degeneration {!q, unknown}
Comestibles
 f - 4 rations
 u - 2 chunks of flesh


   Skills:
 * Level 5.1 Fighting
 + Level 3.0 Short Blades
 - Level 2.0 Axes
 - Level 2.4 Armour
 + Level 5.1 Dodging
 - Level 2.4 Shields


You had 6 spell levels left.
You didn't know any spells.
Your spell library was empty.

Dungeon Overview and Level Annotations

Branches:
Dungeon (5/15)
 Temple: D:4-7

Altars:
Nemelex Xobeh


Message History

There is a stone staircase leading up here.
The quokka skeleton bites you but does no damage.
You hit the quokka skeleton.
The quokka skeleton is heavily damaged.
The quokka skeleton bites you but does no damage.
You hit the quokka skeleton but do no damage.
The quokka skeleton is heavily damaged.
The quokka skeleton bites you.
You hit the quokka skeleton.
You destroy the quokka skeleton!
You hit the jelly.
The jelly is poisoned.
Your hands burn!
The jelly is moderately wounded.
The giant cockroach bites you but does no damage.
The jelly hits you. The acid corrodes you!
You are splashed with acid!
You block the giant cockroach's attack.
You hit the jelly but do no damage.
Your hands burn!
The jelly is moderately wounded.
You block the jelly's attack. The giant cockroach barely misses you.
The giant cockroach bites you but does no damage.
There is a stone staircase leading up here.
The giant cockroach closely misses you. The jelly barely misses you.
You hit the jelly but do no damage.
Your hands burn!
The jelly is moderately wounded.
You block the giant cockroach's attack.
You hit the jelly but do no damage.
Your hands burn!
The jelly is moderately wounded.
The giant cockroach barely misses you. The jelly hits you.
You are splashed with acid!
* * * LOW HITPOINT WARNING * * *
The giant cockroach closely misses you. You block the jelly's attack.
You hit the jelly but do no damage.
Your hands burn!
* * * LOW HITPOINT WARNING * * *
The jelly is moderately wounded.
The jelly looks more healthy.
The giant cockroach bites you but does no damage.
The jelly hits you but does no damage.
You are too injured to fight recklessly!
You block the giant cockroach's attack. The giant cockroach barely misses you.
Found a trident.
Found 10 gold pieces.
You are no longer corroded.
You block the giant cockroach's attack.
Found an escape hatch in the ceiling.
You hit the giant cockroach but do no damage.
The giant cockroach is poisoned.
You block the giant cockroach's attack.
You hit the giant cockroach.
The giant cockroach looks even sicker.
The giant cockroach is lightly wounded.
The giant cockroach barely misses you.
You kill the giant cockroach!
Found a metallic pink potion.
You hit the jelly.
Your hands burn!
* * * LOW HITPOINT WARNING * * *
The jelly is heavily wounded.
The jelly barely misses you.
You are too injured to fight recklessly!
You are too injured to fight recklessly!
You hit the jelly. The acid corrodes you!
Your hands burn!
* * * LOW HITPOINT WARNING * * *
The jelly is heavily wounded.
The jelly hits you.
* * * LOW HITPOINT WARNING * * *
You are splashed with acid.
You die...

...!.
#....##########
##...<.........##
#...............#
+...............#
#..........$....#
#..$............#
#.......J.......#
#......##@.....#
##.....##......##
##.....##[......#
+........?....<.#
#...............#
#...............#
#)....###......##
###### #......#
.........#


You could see a jelly.

Vanquished Creatures
  A phantom (D:4)
  An ogre (D:4)
  A scorpion (D:3)
  An orc priest (D:3)
  Crazy Yiuf (D:2)
  3 orc wizards
  Jessica (D:2)
  2 worker ants
  3 gnolls
  5 adders
  3 worms
  A dart slug (D:4)
  5 leopard geckos
  20 orcs
  2 ball pythons (D:2)
  9 bats
  8 giant cockroaches
  6 hobgoblins
  6 jackals
  8 frilled lizards
  10 goblins
  8 kobolds
  A leopard gecko zombie (D:3)
  A quokka skeleton (D:5)
  9 rats
116 creatures vanquished.

Notes
Turn   | Place    | Note
-------+----------+-------------------------------------------
     0 | D:1      | Amnesiac the Deep Elf Fighter began the quest for the Orb.
     0 | D:1      | Reached XP level 1. HP: 13/13 MP: 3/3
   104 | D:1      | Reached skill level 1 in Dodging
   173 | D:1      | Reached XP level 2. HP: 12/18 MP: 4/4
   274 | D:1      | You fall into a shaft and drop 1 floor!
   688 | D:2      | Reached XP level 3. HP: 22/22 MP: 5/5
   709 | D:2      | Noticed Jessica
   722 | D:2      | Killed Jessica
   998 | D:1      | Reached XP level 4. HP: 25/28 MP: 6/6
  1731 | D:2      | Found a sparkling altar of Nemelex Xobeh.
  2303 | D:2      | Found a runed translucent door.
  2304 | D:2      | Noticed Crazy Yiuf
  2424 | D:2      | Killed Crazy Yiuf
  2424 | D:2      | Reached skill level 1 in Short Blades
  2424 | D:2      | Reached XP level 5. HP: 12/32 MP: 7/7
  3085 | D:3      | Reached XP level 6. HP: 38/38 MP: 8/8
  3940 | D:4      | Reached XP level 7. HP: 9/44 MP: 9/9
  4161 | D:4      | Reached skill level 5 in Fighting
  4254 | D:4      | Reached skill level 5 in Dodging
  4636 | D:5      | Entered Level 5 of the Dungeon
  4663 | D:5      | Splashed by a jelly's acid

Illustrated notes

Levels and vault maps discovered:
D:1:      giann_horns, layout_basic
D:2:      layout_loops_corners, nemelex_xobeh_ov_fountains_minmay,
          nrook_campfire, uniq_jessica, uniq_crazy_yiuf_cottage
D:3:      layout_basic, serial_forest, infiniplex_forest_clump_curved,
          infiniplex_forest_lined_3, infiniplex_forest_lined_3,
          infiniplex_forest_3_way, infiniplex_forest_clump_curved,
          infiniplex_forest_diagonal, infiniplex_forest_straight_2,
          infiniplex_forest_fountain
D:4:      layout_rooms
D:5:      layout_gridville, bloody_trog, first_ration, minivault_4,
          chequers_serial_rivers_small_b

Skill      XL: |  1  2  3  4  5  6  7 |
---------------+----------------------+-----
Axes           | 2 |  2.0
Dodging        | 1 2 3 4 5 |  5.1
Fighting       | 3 4 5 |  5.1
Short Blades   | 1 2 3 |  3.0
Armour         | |  2.4
Shields        | |  2.4

Action                   |  1- 3 |  4- 6 |  7- 9 || total
-------------------------+-------+-------+-------++-------
Melee: War axe           |    43 |       |       ||    43
       Dagger            |    15 |   314 |    54 ||   383
 Fire: Hunting sling     |       |    22 |       ||    22
Throw: Stone             |       |     6 |       ||     6
  Use: Potion            |       |     1 |       ||     1
  Eat: Chunk             |       |    10 |     2 ||    12
Armor: Scale mail        |    35 |   123 |    17 ||   175
Dodge: Dodged            |    17 |    83 |    16 ||   116
Block: Kite shield       |    28 |   124 |    18 ||   170

Table legend:
 A = Non-vault XP
 B = Vault XP
 C = Vault XP percentage of total XP
 D = Non-vault monster count
 E = Vault monster count
 F = Vault count percentage of total count
                 A         B        C        D         E       F
            +---------+---------+-------+---------+---------+-------
      Total |     839 |      78 |   8.5 |     114 |       2 |   1.7
            +---------+---------+-------+---------+---------+-------
        D:1 |      53 |       0 |   0.0 |      27 |       0 |   0.0
        D:2 |      80 |      78 |  49.4 |      23 |       2 |   8.0
        D:3 |     316 |       0 |   0.0 |      46 |       0 |   0.0
        D:4 |     387 |       0 |   0.0 |      16 |       0 |   0.0
        D:5 |       3 |       0 |   0.0 |       2 |       0 |   0.0
            +---------+---------+-------+---------+---------+-------
